 Dungeon Crawl Stone Soup version 0.29.1-12-g30fa7ad0bf (webtiles) character file.

Game seed: 8567080699650001071

204135 EarthwalkerPL the Tortoise (level 18, -24/169 HPs)
             Began as a Minotaur Fighter on Dec 21, 2022.
             Was the Champion of Okawaru.
             Annihilated by a reaper
             ... wielding a +3 scythe of venom
             ... summoned by a deep elf demonologist
              (26 damage)
             ... on level 3 of the Elven Halls.
             The game lasted 02:08:17 (32601 turns).

EarthwalkerPL the Tortoise (Minotaur Fighter)      Turns: 32601, Time: 02:08:19

Health: -24/169    AC: 36    Str: 29    XL:     18   Next: 38%
Magic:  25/25      EV: 13    Int: 12    God:    Okawaru [******]
Gold:   2869       SH: 26    Dex: 11    Spells: 28/28 levels left

rFire   . . .      SeeInvis +   e - +9 war axe (vorpal)
rCold   . . .      Faith    .   c - +2 tower shield {AC+3}
rNeg    . . .      Spirit   .   v - +9 crystal plate armour of the Known World {Will+ Int+3 Dex-2 Stlth+}
rPois   +          Reflect  +   S - +1 hat of the Other Side {Will+ Int+4}
rElec   +          Harm     .   (no cloak)
rCorr   +          Rampage  .   (no gloves)
Will    ++++.                   p - +2 pair of boots of Okawaru's Hope {rElec Dex+3 SInv Stlth-}
Stlth   ..........              K - amulet of reflection
HPRegen 0.38/turn               P - ring of Symmetry {Will+ rCorr EV+4}
MPRegen 0.19/turn               Z - ring of poison resistance

@: studying 2 skills
A: horns 2, retaliatory headbutt, deformed body
a: Renounce Religion, Heroism, Finesse, Duel


You were on level 3 of the Elven Halls.
You worshipped Okawaru.
Okawaru was exalted by your worship.
You visited 5 branches of the dungeon, and saw 26 of its levels.
You also visited: Ossuary, Ice Cave and Volcano.

You collected 2869 gold pieces.

Inventory:

Hand Weapons
 a - a +4 vorpal shortbow
 e - a +9 vorpal war axe (weapon)
 n - a +1 broad axe of flaming
Missiles
 k - 56 poisoned darts (quivered)
 l - 14 boomerangs
 W - 6 silver javelins
 X - 9 javelins
Armour
 c - a +2 tower shield of protection (worn)
 p - the +2 pair of boots of Okawaru's Hope (worn) {rElec Dex+3 SInv Stlth-}
   (Okawaru gifted it to you on level 10 of the Dungeon)

   Dex:       It affects your dexterity (+3).
   rElec:     It insulates you from electricity.
   SInv:      It lets you see invisible.
   Stlth:     It makes you less stealthy.
 v - the +9 crystal plate armour of the Known World (worn) {Will+ Int+3 Dex-2 Stlth+}
   (Okawaru gifted it to you on level 2 of the Elven Halls)

   Int:       It affects your intelligence (+3).
   Dex:       It affects your dexterity (-2).
   Will:      It increases your willpower.
   Stlth:     It makes you more stealthy.
 G - the +10 plate armour of the Sturgeon {-Tele rN+ Regen+}
   (You took it off an orc warrior on level 10 of the Dungeon)

   rN:        It protects you from negative energy.
   -Tele:     It prevents most forms of teleportation.
   Regen:     It increases your rate of health regeneration.
 S - the +1 hat of the Other Side (worn) {Will+ Int+4}
   (You found it on level 10 of the Dungeon)

   Int:       It affects your intelligence (+4).
   Will:      It increases your willpower.
Jewellery
 y - a +4 ring of protection
 K - an amulet of reflection (around neck)
 P - the ring of Symmetry (left hand) {Will+ rCorr EV+4}
   (You took it off a deep elf death mage on level 3 of the Elven Halls)

   [ring of evasion]

   EV:        It affects your evasion (+4).
   rCorr:     It protects you from acid and corrosion.
   Will:      It increases your willpower.
 Q - a ring of protection from cold
 R - a ring of flight
 Z - a ring of poison resistance (right hand)
Wands
 b - a wand of mindburst (3)
 s - a wand of polymorph (11)
 B - a wand of digging (13)
 E - a wand of flame (15)
 J - a wand of roots (15)
 U - a wand of quicksilver (6)
Scrolls
 f - 3 scrolls of magic mapping
 h - 4 scrolls of amnesia
 i - 3 scrolls of torment
 j - 25 scrolls of teleportation
 m - 4 scrolls of poison
 t - 7 scrolls of vulnerability
 u - 3 scrolls of fear
 x - 5 scrolls of enchant armour
 H - 3 scrolls of noise
 L - a scroll of enchant weapon
 O - 3 scrolls of immolation
 V - 5 scrolls of blinking
Potions
 d - 8 potions of might
 g - 24 potions of curing
 o - 4 potions of resistance {unknown}
 q - 5 potions of magic
 r - 8 potions of heal wounds
 w - 3 potions of cancellation {unknown}
 z - 6 potions of attraction
 A - 7 potions of haste
 C - 3 potions of brilliance
 D - 5 potions of mutation
 F - 3 potions of invisibility {unknown}
 I - 5 potions of flight {unknown}
 M - 2 potions of ambrosia {unknown}
 N - 9 potions of degeneration {unknown}
 T - 6 potions of lignification {unknown}
 Y - a potion of berserk rage {unknown}


   Skills:
 * Level 17.0 Fighting
 * Level 16.4 Axes
 + Level 7.8 Throwing
 * Level 20.0 Armour
 + Level 10.8 Dodging
 * Level 16.9 Shields
 * Level 5.6 Spellcasting
 + Level 8.0 Invocations
 + Level 7.4 Evocations


You had 28 spell levels left.
You didn't know any spells.
Your spell library contained the following spells:

 Spells                   Type           Power      Damage    Failure   Level
 Beastly Appendage        Tmut           6%         N/A       99%         1
 Magic Dart               Conj           12%        1d3       99%         1
 Slow                     Hex            12%        N/A       99%         1
 Sting                    Tmut/Pois      12%        1d3       99%         1
 Poisonous Vapours        Pois/Air       6%         N/A       100%        2
 Static Discharge         Conj/Air       3%         3-4/arc   100%        2
 Wereblood                Tmut           3%         N/A       100%        2
 Confusing Touch          Hex            3%         N/A       100%        3
 Conjure Flame            Conj/Fire      3%         6-21      100%        3
 Gell's Gravitas          Tloc           3%         N/A       100%        3
 Ignite Poison            Fire/Tmut/Pois 3%         N/A       100%        3
 Mephitic Cloud           Conj/Pois/Air  3%         N/A       100%        3
 Spider Form              Tmut/Pois      3%         N/A       100%        3
 Teleport Other           Tloc           3%         N/A       100%        3
 Vampiric Draining        Necr           3%         2d6       100%        3
 Fulminant Prism          Conj/Hex       1%         3d6       100%        4
 Iskenderun's Mystic Bla  Conj/Tloc      3%         2d3       100%        4
 Olgreb's Toxic Radiance  Pois           3%         N/A       100%        4
 Passage of Golubria      Tloc           3%         N/A       100%        4
 Sticky Flame             Conj/Fire      3%         2d3       100%        4
 Lee's Rapid Deconstruct  Erth           1%         3d5*      100%        5
 Lightning Bolt           Conj/Air       1%         1d12      100%        5
 Yara's Violent Unravell  Hex/Tmut       1%         3d3       100%        5
 Dispersal                Tloc           1%         N/A       100%        6
 Call Imp                 Summ           Unusable   N/A       N/A         2
 Tukima's Dance           Hex            Unusable   N/A       N/A         3
 Summon Lightning Spire   Summ/Air       Unusable   N/A       N/A         4

Dungeon Overview and Level Annotations

Branches:
Dungeon (15/15)            Temple (1/1) D:4            Lair (5/5) D:10
  Swamp (0/4) Lair:2        Snake (0/4) Lair:3        Slime (0/5) Lair:5
    Orc (2/2) D:9             Elf (3/3) Orc:2        Vaults (0/5) D:14
 Depths (0/4) D:15        Ossuary (visited)           IceCv (visited)
Volcano (visited)

Altars:
Ashenzari
Cheibriados
Dithmenos
Elyvilon
Fedhas
Gozag
Hepliaklqana
Kikubaaqudgha
Makhleb
Nemelex Xobeh
Okawaru
Qazlal
Ru
Sif Muna
Trog
Uskayaw
Vehumet
Wu Jian
Xom
Yredelemnul
Zin
The Shining One
Lugonu

Shops:
D:1 [   D:13 !   Orc:2 ![([

Portals:
Trove: D:10 (show slimy rune of Zot)

Annotations:
Lair:3 3 runed translucent doors, Ojin's ghost, journeyman OgGl


Innate Abilities, Weirdness & Mutations

You have a pair of horns on your head.
You reflexively headbutt those who attack you in melee.
Armour fits poorly on your strangely shaped body.


Message History

The Ice Fiend is moderately wounded.
You slash the chaos spawn! The Ice Fiend barely misses you.
You furiously retaliate!
You headbutt the Ice Fiend, but do no damage.
The Ice Fiend claws you but does no damage.
You block the chaos spawn's attack. You block the reaper's attack.
You hit the chaos spawn but do no damage.
The chaos spawn is severely wounded.
You slice the Ice Fiend!!
The Ice Fiend calls on the powers of darkness!
Your body is wracked with pain!
The deep elf pyromancer convulses!
The deep elf demonologist convulses!
You block the reaper's attack.
You barely miss the deep elf demonologist.
You headbutt the deep elf demonologist.
The deep elf demonologist is heavily wounded.
You hit the Ice Fiend. You block the reaper's attack.
The Ice Fiend calls on the powers of darkness!
Your body is wracked with pain!
* * * LOW HITPOINT WARNING * * *
The deep elf pyromancer convulses!
The deep elf demonologist convulses!
You closely miss the deep elf demonologist.
The deep elf demonologist is severely wounded.
You hit the Ice Fiend.
You block the deep elf demonologist's attack.
You block the Ice Fiend's attack.
The Ice Fiend claws you but does no damage.
You block the reaper's attack.
You miss the deep elf demonologist.
Your headbutt misses the deep elf demonologist.
The deep elf demonologist is severely wounded.
You slash the Ice Fiend!
You block the deep elf demonologist's attack.
The deep elf pyromancer mumbles some strange words.
The deep elf pyromancer blinks!
The Ice Fiend claws you!
* * * LOW HITPOINT WARNING * * *
The Ice Fiend freezes you!!
* * * LOW HITPOINT WARNING * * *
You block the Ice Fiend's attack.
The reaper hits you from afar with a +3 scythe of venom!!
You die...

...#.....# #.... ..#.#
..#.#....## ##...##.. .#
...##.....# ####....#..##.#
....##....# ........#..#..#
#...##....## ..........##.#
#....##....# .........#...#
#....###...# ###.......#
##....###..# ####3..#....##
#.....#..)#####@12ยง.##....#
##......|?)..)..e4##.....##
###.......).)..###....###
####.............####
###############


You could see an Ice Fiend (summoned), a reaper (summoned), a deep elf
demonologist, a sixfirhy (summoned) and a chaos spawn (summoned).

Vanquished Creatures
  3 deep elf blademasters
  2 deep elf master archers (Elf:3)
  5 deep elf sorcerers
  An orc warlord (Orc:1)
  2 deep elf elementalists (Elf:3)
  5 deep elf demonologists
  4 deep elf annihilators
  Snorg (D:12)
  4 deep elf death magi
  5 deep elf high priests
  3 boulder beetles
  Erolcha (D:9)
  9 hydras
  Fannar (Lair:1)
  5 vault guards (D:14)
  A death knight (D:13)
  A merfolk avatar (Lair:5)
  2 two-headed ogres
  7 centaur warriors
  26 dancing weapons
  An anaconda (Lair:5)
  4 death yaks
  Urug (Lair:4)
  Sonja (D:11)
  2 orc high priests
  A hell knight (Volcano)
  The ghost of Henri the Covert, a journeyman VSEn of Wu Jian (D:10)
  10 deep elf knights
  16 skeletal warriors
  A deep troll (shapeshifter) (D:14)
  A flayed ghost (D:15)
  A phantasmal warrior (D:14)
  11 deep elf archers
  A necromancer (D:15)
  3 lindwurms
  17 deep elf pyromancers
  26 deep elf zephyrmancers
  A golden dragon skeleton (D:15)
  12 ugly things
  A harpy (Lair:5)
  A stone giant zombie (D:15)
  2 oklob plants
  3 orc sorcerers
  4 orc knights
  6 cyclopes
  11 slime creatures
  2 manticores
  12 elephants
  2 ice statues (IceCv)
  Joseph (D:7)
  A torpor snail (Lair:5)
  6 black mambas
  A gargoyle (D:13)
  11 cane toads
  Maggie (D:7)
  A cane toad (shapeshifter) (D:13)
  An efreet (D:13)
  2 freezing wraiths
  3 kobold demonologists
  4 yaktaurs
  4 unseen horrors (D:12)
  4 rime drakes
  5 komodo dragons
  A guardian mummy (D:15)
  7 trolls
  4 polar bears
  A hornet (Lair:5)
  2 wind drakes (Lair:5)
  2 spriggan skeletons (D:15)
  3 tyrant leeches (D:12)
  24 blink frogs
  2 air elementals
  A water elemental (Elf:1)
  A vampire (D:11)
  6 wraiths
  Eustachio (D:5)
  2 shadows
  3 fire elementals
  2 wyverns (Lair:3)
  A fire bat (D:12)
  41 yaks
  Grum (Lair:1)
  6 humans (D:14)
  4 basilisks
  2 steam dragons
  2 death yak simulacra (IceCv)
  4 nagas (Lair:3)
  15 vampire mosquitoes
  A harpy simulacrum (IceCv)
  8 wargs
  A swamp worm (Lair:2)
  An acid dragon (D:8)
  12 water moccasins
  4 ice beasts
  35 orc warriors
  4 sky beasts
  4 black bears
  5 ogres
  10 wolves (Lair:1)
  23 centaurs
  3 phantoms
  Blork the orc (D:4)
  An elf zombie (Ossuary)
  6 kobold brigands
  14 bullfrogs
  5 earth elementals
  2 necrophages (D:5)
  2 gnoll sergeants
  A water moccasin zombie (D:5)
  2 scorpions
  8 wights
  6 killer bees (D:11)
  An elephant simulacrum (IceCv)
  An electric eel (Lair:5)
  3 howler monkeys
  3 vampire bats (D:12)
  A jelly (D:5)
  A crimson imp (D:5)
  3 centaur zombies
  A human zombie (D:5)
  21 orc priests
  4 hounds
  4 iguanas
  A scorpion zombie (D:5)
  Ijyb (D:5)
  6 hell rats
  28 orc wizards
  A polar bear simulacrum (IceCv)
  6 ogre zombies (D:9)
  6 mummies
  A howler monkey zombie (D:5)
  14 adders
  9 gnolls
  4 river rats (D:12)
  A shadow imp (D:8)
  3 white imps
  2 ufetubi
  2 adder zombies (Ossuary)
  10 worms
  5 dart slugs
  89 orcs
  3 endoplasms
  6 giant cockroaches
  5 goblins
  6 hobgoblins
  20 kobolds
  6 quokkas
  6 ball pythons
  9 bats
  A frilled lizard (D:3)
  5 goblin zombies
  15 hobgoblin zombies
  A jackal zombie (Ossuary)
  10 kobold zombies (Ossuary)
  17 orc zombies
  9 rats
  3 rat zombies (Ossuary)
  14 bushes (D:10)
953 creatures vanquished.

Vanquished Creatures (others)
  2 deep elf pyromancers
  A human (D:14)
  A kobold (D:13)
  59 fungi
  95 plants
  2 withered plants (D:15)
160 creatures vanquished.

Grand Total: 1113 creatures vanquished

Notes
Turn   | Place    | Note
-------+----------+-------------------------------------------
     0 | D:1      | EarthwalkerPL the Minotaur Fighter began the quest for the
                  | Orb.
     0 | D:1      | Reached XP level 1. HP: 19/19 MP: 0/0
    22 | D:1      | Found Giuludgho's Armour Boutique.
   150 | D:1      | Reached XP level 2. HP: 27/27 MP: 1/1
   370 | D:1      | You fall into a shaft and drop 1 floor!
   447 | D:2      | Reached skill level 4 in Armour
   447 | D:2      | Reached XP level 3. HP: 19/33 MP: 2/2
   868 | D:2      | Found the +18 Lear's hauberk
  1347 | D:3      | Reached XP level 4. HP: 40/40 MP: 3/3
  1363 | D:3      | Reached skill level 1 in Dodging
  1426 | D:3      | Found a broken altar of Ashenzari.
  1852 | D:3      | Noticed an ice beast
  1864 | D:3      | Killed an ice beast
  1865 | D:3      | Reached XP level 5. HP: 25/47 MP: 4/4
  2053 | D:4      | Found a staircase to the Ecumenical Temple.
  2059 | Temple   | Entered the Ecumenical Temple
  2193 | Temple   | Became a worshipper of Warmaster Okawaru
  2441 | D:4      | Noticed an ogre
  2454 | D:4      | Killed an ogre
  2455 | D:4      | Reached skill level 5 in Fighting
  2455 | D:4      | Reached skill level 5 in Armour
  2455 | D:4      | Reached skill level 5 in Shields
  2455 | D:4      | Reached XP level 6. HP: 37/56 MP: 5/5
  2800 | D:4      | Found a shimmering blue altar of Sif Muna.
  3023 | D:4      | Noticed Blork the orc
  3043 | D:4      | Killed Blork the orc
  3043 | D:4      | Reached * piety under Okawaru
  3061 | D:4      | Reached XP level 7. HP: 22/61 MP: 6/6
  3063 | D:4      | Reached skill level 5 in Axes
  3512 | D:5      | Entered Level 5 of the Dungeon
  3533 | D:5      | Noticed Eustachio
  3547 | D:5      | Killed Eustachio
  3547 | D:5      | Reached ** piety under Okawaru
  3548 | D:5      | Reached skill level 6 in Armour
  3734 | D:5      | Noticed Ijyb
  3743 | D:5      | Reached XP level 8. HP: 66/71 MP: 7/7
  3746 | D:5      | Killed Ijyb
  3826 | D:5      | Found a sand-covered staircase.
  3835 | Ossuary  | Entered an ossuary
  4430 | D:5      | Found a radiant altar of Vehumet.
  4430 | D:5      | Found a burning altar of Makhleb.
  4475 | D:5      | Reached skill level 7 in Armour
  4483 | D:5      | Reached *** piety under Okawaru
  4564 | D:5      | Found a basalt altar of Yredelemnul.
  4695 | D:5      | Found a glowing silver altar of Zin.
  4945 | D:6      | Reached XP level 9. HP: 75/80 MP: 8/8
  5207 | D:6      | Reached **** piety under Okawaru
  5228 | D:6      | Reached skill level 8 in Armour
  5370 | D:6      | Found an ornate altar of the Wu Jian Council.
  5616 | D:6      | Found a snail-covered altar of Cheibriados.
  5826 | D:7      | Noticed Joseph
  5866 | D:7      | Killed Joseph
  6195 | D:7      | Found a stormy altar of Qazlal.
  6272 | D:7      | Found a hide-covered altar of Uskayaw.
  6559 | D:7      | Noticed Maggie
  6576 | D:7      | Killed Maggie
  6576 | D:7      | Reached ***** piety under Okawaru
  6577 | D:7      | Reached skill level 9 in Armour
  6577 | D:7      | Reached XP level 10. HP: 76/91 MP: 9/9
  6855 | D:8      | Noticed a cyclops
  6860 | D:8      | Reached skill level 5 in Dodging
  6864 | D:8      | Killed a cyclops
  7095 | D:8      | Received a gift from Okawaru
  7117 | D:8      | Found a glowing golden altar of the Shining One.
  7260 | D:8      | Found a bloodstained altar of Trog.
  7417 | D:9      | Noticed a green ugly thing
  7429 | D:9      | Killed a green ugly thing
  7518 | D:9      | Found a sacrificial altar of Ru.
  7600 | D:9      | Found a sparkling altar of Nemelex Xobeh.
  7711 | D:9      | Found a staircase to the Orcish Mines.
  8015 | D:9      | Noticed Erolcha
  8030 | D:9      | Killed Erolcha
  8031 | D:9      | Reached skill level 10 in Fighting
  8031 | D:9      | Reached skill level 10 in Armour
  8031 | D:9      | Reached skill level 10 in Shields
  8152 | D:9      | Identified the +0 crystal plate armour of the Doldrums
                  | {Harm Slay+3} (Okawaru gifted it to you on level 9 of the
                  | Dungeon)
  8152 | D:9      | Received a gift from Okawaru
  8229 | D:9      | Found a hazy altar of Hepliaklqana.
  8739 | D:10     | Entered Level 10 of the Dungeon
  8772 | D:10     | Reached XP level 11. HP: 96/101 MP: 10/10
  8780 | D:10     | Found a staircase to the Lair.
  8859 | D:10     | Reached skill level 10 in Axes
  9007 | D:10     | Found a portal to a secret trove of treasure.
  9052 | D:10     | Found a runed translucent gate.
  9052 | D:10     | Found a runed translucent gate.
  9052 | D:10     | Found a runed translucent gate.
  9055 | D:10     | Noticed Henri's ghost (journeyman VSEn)
  9056 | D:10     | Identified the +10 plate armour of the Sturgeon {-Tele rN+
                  | Regen+}
  9179 | D:10     | Found a blossoming altar of Fedhas.
  9204 | D:10     | Noticed an oklob plant
 10012 | D:11     | Noticed Sonja
 10411 | Orc:1    | Entered Level 1 of the Orcish Mines
 10411 | Orc:1    | Noticed an orc knight
 10420 | D:9      | Identified a scroll of acquirement
 10422 | D:9      | Acquired a manual of Armour
 10465 | Lair:1   | Entered Level 1 of the Lair of Beasts
 10465 | Lair:1   | Noticed a death yak
 10465 | Lair:1   | Noticed a death yak
 10465 | Lair:1   | Noticed a death yak
 10465 | Lair:1   | Noticed a death yak
 10828 | Orc:1    | Noticed an orc sorcerer
 10851 | D:9      | Killed an orc knight
 10852 | D:9      | Reached skill level 11 in Armour
 10955 | Orc:1    | Noticed an orc high priest
 11141 | D:10     | Killed a death yak
 11142 | D:10     | Reached skill level 1 in Throwing
 11142 | D:10     | Reached skill level 1 in Invocations
 11142 | D:10     | Reached skill level 1 in Evocations
 11144 | D:10     | Killed a death yak
 11147 | D:10     | Killed a death yak
 11147 | D:10     | Identified the +2 pair of boots of Okawaru's Hope {rElec
                  | Dex+3 SInv Stlth-} (Okawaru gifted it to you on level 10 of
                  | the Dungeon)
 11147 | D:10     | Received a gift from Okawaru
 11207 | Lair:1   | Killed a death yak
 11241 | Lair:1   | Noticed a boulder beetle
 11256 | Lair:1   | Killed a boulder beetle
 11265 | Lair:1   | Reached skill level 12 in Armour
 11369 | Lair:1   | Noticed Fannar
 11383 | Lair:1   | Killed Fannar
 11383 | Lair:1   | Reached ****** piety under Okawaru
 11384 | Lair:1   | Reached XP level 12. HP: 93/110 MP: 10/12
 11494 | Lair:1   | Identified the +5 ring mail "Jacwaiti" {-Cast Rampage rPois
                  | Dex+8}
 11857 | Lair:1   | Noticed Grum
 11872 | Lair:1   | Killed Grum
 12298 | Lair:2   | Received a gift from Okawaru
 12309 | Lair:2   | Reached skill level 13 in Armour
 12310 | Lair:2   | Identified the +5 ring mail of Mental Paralysis {rPois
                  | Stlth+} (Okawaru gifted it to you on level 2 of the Lair of
                  | Beasts)
 12310 | Lair:2   | Received a gift from Okawaru
 12327 | Lair:2   | Got Ynoss's Grimoire of Translocated Conduction
 12947 | Lair:2   | Noticed an eight-headed hydra
 13152 | Lair:2   | Noticed a seven-headed hydra
 13432 | Lair:2   | Killed a 16-headed hydra
 13433 | Lair:2   | Reached skill level 14 in Armour
 13433 | Lair:2   | Reached XP level 13. HP: 79/119 MP: 12/14
 13806 | Lair:2   | Found a staircase to the Swamp.
 14470 | Lair:3   | Found a runed translucent gate.
 14470 | Lair:3   | Found a runed translucent gate.
 14470 | Lair:3   | Found a runed translucent gate.
 14575 | Lair:3   | Found a dark tunnel.
 14678 | Volcano  | Entered a volcano
 15230 | Lair:3   | Found a staircase to the Snake Pit.
 15368 | Lair:3   | Noticed Ojin's ghost (journeyman OgGl)
 15633 | Lair:3   | Received a gift from Okawaru
 15640 | Lair:3   | Reached skill level 15 in Armour
 16096 | Lair:4   | Found a frozen archway.
 16108 | Lair:4   | Noticed Urug
 16121 | Lair:4   | Killed Urug
 16176 | IceCv    | Entered an ice cave
 16245 | IceCv    | Found a transporter.
 16263 | IceCv    | Found a transporter.
 16612 | Lair:4   | Received a gift from Okawaru
 16897 | Lair:5   | Entered Level 5 of the Lair of Beasts
 17186 | Lair:5   | Received a gift from Okawaru
 17393 | Lair:5   | Reached skill level 5 in Invocations
 17393 | Lair:5   | Reached XP level 14. HP: 128/129 MP: 16/16
 17827 | Lair:5   | Reached skill level 16 in Armour
 17954 | Lair:5   | Found a staircase to the Slime Pits.
 18081 | Lair:5   | Reached skill level 5 in Throwing
 18267 | Lair:5   | Identified the +10 trident of a Hundred Places {vorpal,
                  | Will++ rCorr}
 19121 | Orc:2    | Entered Level 2 of the Orcish Mines
 19277 | Orc:2    | Found a staircase to the Elven Halls.
 19357 | Orc:2    | Identified the +1 storm dragon scales of the Sky {rElec
                  | Int+4} (Okawaru gifted it to you on level 2 of the Orcish
                  | Mines)
 19357 | Orc:2    | Received a gift from Okawaru
 19387 | Orc:2    | Reached skill level 5 in Evocations
 19487 | Orc:2    | Noticed an orc warlord
 19609 | Orc:1    | Killed an orc warlord
 19718 | Orc:2    | Found Cimoss's Antique Armour Emporium.
 19725 | Orc:2    | Found Qilihyiq's Antique Weapon Shoppe.
 20404 | Orc:2    | Found Enugu's Distillery.
 20481 | Orc:2    | Found Zioskei's Antique Armour Shoppe.
 20809 | Orc:1    | Found a shimmering blue altar of Sif Muna.
 21524 | D:10     | Killed Henri's ghost
 21643 | D:10     | Identified the +1 hat of the Other Side {Will+ Int+4}
 22176 | D:11     | Killed Sonja
 22225 | D:11     | Reached skill level 17 in Armour
 22290 | D:11     | Acquired a manual of Spellcasting
 22434 | D:11     | Found a hide-covered altar of Uskayaw.
 22855 | D:12     | Noticed Snorg
 22863 | D:12     | Killed Snorg
 23079 | D:12     | Received a gift from Okawaru
 23391 | D:12     | Reached XP level 15. HP: 131/139 MP: 18/18
 23618 | D:12     | Identified the +3 dagger of the Eggplant {vorpal, Will+
                  | Str+4 Int-5}
 23637 | D:12     | Received a gift from Okawaru
 23810 | D:13     | Found Myekk's Distillery.
 24384 | D:14     | Reached skill level 18 in Armour
 24406 | D:14     | Received a gift from Okawaru
 24654 | D:13     | Reached skill level 15 in Fighting
 24812 | D:13     | Reached skill level 15 in Shields
 25042 | D:14     | Found a gate to the Vaults.
 25235 | D:14     | Received a gift from Okawaru
 25318 | D:14     | Reached skill level 15 in Axes
 25580 | D:15     | Entered Level 15 of the Dungeon
 25609 | D:15     | Found a staircase to the Depths.
 25759 | D:15     | Reached skill level 1 in Spellcasting
 25893 | D:15     | Found a corrupted altar of Lugonu.
 25935 | D:15     | Reached XP level 16. HP: 149/149 MP: 20/20
 26429 | Elf:1    | Entered Level 1 of the Elven Halls
 26443 | Elf:1    | Reached skill level 10 in Dodging
 26526 | Elf:1    | Identified the +6 plate armour of Ora Fiats {rF+ Int+4}
                  | (Okawaru gifted it to you on level 1 of the Elven Halls)
 26526 | Elf:1    | Received a gift from Okawaru
 26677 | Elf:1    | Reached skill level 19 in Armour
 27162 | Elf:2    | Found an ancient bone altar of Kikubaaqudgha.
 27288 | Elf:1    | Paralysed by an air elemental for 1 turns
 27295 | Elf:1    | Paralysed by an air elemental for 1 turns
 27583 | Elf:2    | Gained mutation: Armour fits poorly on your strangely
                  | shaped body. [a cacodemon]
 27664 | Elf:2    | Identified the +9 crystal plate armour of the Known World
                  | {Will+ Int+3 Dex-2 Stlth+} (Okawaru gifted it to you on
                  | level 2 of the Elven Halls)
 27664 | Elf:2    | Received a gift from Okawaru
 27711 | Elf:2    | Found a runed translucent gate.
 27711 | Elf:2    | Found a runed translucent gate.
 27711 | Elf:2    | Found a runed translucent gate.
 28673 | Elf:2    | Noticed a deep elf blademaster
 28688 | Elf:2    | Killed a deep elf blademaster
 29428 | Elf:3    | Entered Level 3 of the Elven Halls
 29454 | Elf:3    | Reached XP level 17. HP: 160/160 MP: 22/22
 29802 | Elf:3    | Reached XP level 18. HP: 156/168 MP: 22/24
 30072 | Elf:3    | Paralysed by an air elemental for 1 turns
 30232 | Elf:2    | Reached skill level 5 in Spellcasting
 31280 | Elf:3    | Received a gift from Okawaru
 31765 | Elf:3    | Identified the ring of Symmetry {Will+ rCorr EV+4}
 32002 | Elf:3    | Identified the +6 plate armour of Devotion {Int-5 Dex+3
                  | SInv}
 32283 | Elf:3    | Identified the +9 plate armour of Bedevilment {rCorr Str-3
                  | Dex+8 Slay-5}
 32437 | Elf:3    | Reached skill level 20 in Armour
 32595 | Elf:3    | Noticed an Ice Fiend
 32601 | Elf:3    | HP: 2/169 [Ice Fiend[a deep elf demonologist] (27)]
 32601 | Elf:3    | Annihilated by a reaper

Illustrated notes

Levels and vault maps discovered:
D:1:      dpeg_arrival_stonehenge_8_columns, layout_basic, serial_shops, shop
D:2:      minmay_inner_zag, layout_rooms, minmay_misc_feat_columns
D:3:      layout_basic, lemuel_tele_altar, supply_closet_lemuel,
          eino_tiny_chamber
D:4:      layout_cave_pods, mainiacjoe_overflow_alcove_4,
          minmay_temple_entry_wispy, uniq_blork_the_orc
D:5:      layout_basic, grunt_temple_overflow_lords_of_destruction,
          lemuel_mausoleum_altar_yredelemnul, zin_treasury,
          chequers_ossuary_entry_cave, uniq_ijyb, uniq_eustachio
D:6:      layout_rooms, nzn_wu_jian_contemplation, kennysheep_slug_shrine,
          chequers_serial_rivers_large_b
D:7:      layout_layer_cave, mainiacjoe_overflow_catwalk_spiral,
          minmay_misc_feat_more_columns, uniq_maggie, uniq_joseph
D:8:      layout_loops_ring, nicolae_overflow_squiral, minmay_manual_mail
D:9:      layout_basic, nemelex_spade_bored_becter, mainiacjoe_overflow_paths,
          mainiacjoe_overflow_catwalk, zombieorc1_lemuel, uniq_erolcha
D:10:     layout_basic, tgw_fedhas, grunt_lair_entry_orc_guard_hut,
          nicolae_trove_entry_free_sample, biasface_ghost_orc_armoury
D:11:     layout_long_grid, nicolae_uskayaw_suspiria, uniq_sonja
D:12:     layout_basic, hangedman_parallel_progression, uniq_snorg
D:13:     hellmonk_crumbling_castle, layout_irregular_city, serial_shops,
          nicolae_shop_waterfront, minmay_fractal_squares_diagonal_5
D:14:     layout_roguey, ximxim_vaults_locker_room
D:15:     gammafunk_depths_entry_grave, layout_rooms, interstate_on_off,
          tgw_lugonu_bribe
Temple:   nicolae_temple_superstar
Lair:1:   layout_cave_shapes, uniq_fannar, uniq_grum
Lair:2:   layout_long_grid, palyth_hydra_swamp_entry, grunt_megastairs_2,
          infiniplex_staircase_pool
Lair:3:   layout_loops_ring, minmay_snake_entry_guardpost_small,
          gammafunk_ghost_split, nicolae_volcano_entry_s_turn, lemuel_fruit_tree
Lair:4:   layout_long_grid, portal_ice_cave_entry_pillars_2, uniq_urug
Lair:5:   gammafunk_lair_ancient_temple, layout_misc_corridors,
          dpeg_slime_entry_enclosed, st_stairs_13, serial_bayou_shore_a,
          infiniplex_staircase_pool_2
Orc:1:    layout_diamond_mine, led_sif_book
Orc:2:    grunt_orc_community_town_hall, layout_caves,
          grunt_orc_community_big_house_1, grunt_orc_community_big_house_1,
          grunt_orc_community_house_1, grunt_orc_community_house_2,
          grunt_orc_community_house_1, grunt_orc_community_house_2,
          nicolae_orc_damp_corner, nicolae_orc_lava_tube
Elf:1:    eino_elf_arrival_shootout, layout_rooms, kennysheep_underground_church
Elf:2:    elven_hall_of_blades_hangedman_original [nicolae_blade_bullseye],
          layout_loops_corners, basic_altar, dk_noncrumbling_4
Elf:3:    minmay_elf_hall_curves, layout_onion_city, grunt_megastairs_3

Skill      XL: |  1  2  3  4  5  6  7  8  9 10 11 12 13 14 15 16 17 18 |
---------------+-------------------------------------------------------+-----
Fighting       | 4 5 6 7 9 10 11 12 13 14 15 16 17 | 17.0
Armour         | 4 5 6 7 9 10 12 14 15 17 18 19 20 | 20.0
Shields        | 4 5 6 7 9 10 11 12 13 14 15 16 | 16.9
Axes           | 3 4 5 7 8 9 11 12 13 14 15 16 | 16.4
Dodging        | 1 2 3 4 6 7 8 9 10 | 10.8
Throwing       | 2 3 4 5 6 7 |  7.8
Invocations    | 2 3 5 6 7 8 |  8.0
Evocations     | 2 3 4 5 6 7 |  7.4
Spellcasting   | 1 4 5 |  5.6

Action                   |  1- 3 |  4- 6 |  7- 9 | 10-12 | 13-15 | 16-18 || total
-------------------------+-------+-------+-------+-------+-------+-------++-------
Melee: War axe           |    71 |    86 |   365 |   683 |  1334 |   485 ||  3024
       Headbutt          |    13 |    10 |    77 |   156 |   344 |    83 ||   683
       Broad axe         |       |       |       |       |   102 |       ||   102
Throw: Dart              |       |     5 |    30 |     2 |     3 |     1 ||    41
       Javelin           |       |       |       |     3 |       |       ||     3
       Boomerang         |       |       |       |       |    14 |       ||    14
Invok: Heroism           |       |       |       |     5 |     2 |     1 ||     8
       Finesse           |       |       |       |       |     1 |     1 ||     2
  Use: Scroll            |       |       |     2 |    18 |    12 |     4 ||    36
       Potion            |       |       |       |     1 |       |     1 ||     2
Armor: Scale mail        |    24 |       |       |       |       |       ||    24
       Chain mail        |    15 |    65 |   252 |   412 |   324 |       ||  1068
       Plate armour      |       |       |       |       |   157 |    55 ||   212
       Crystal plate arm |       |       |       |       |       |   104 ||   104
Dodge: Dodged            |    23 |    47 |   169 |   232 |   314 |    69 ||   854
Block: Buckler           |    16 |    14 |   103 |   350 |   324 |       ||   807
       Reflection        |       |       |       |    15 |    71 |    78 ||   164
       Tower shield      |       |       |       |       |   620 |   477 ||  1097
